 Dungeon Crawl Stone Soup version 0.31.0-11-ge490571c62 (webtiles) character file.

Game seed: 17436099373106801188

52 Aldia the Trooper (level 3, -3/37 HPs)
             Began as an Oni Warper on Feb 5, 2024.
             Slain by Sigmund
             ... wielding a +0 scythe
              (8 damage)
             ... on level 2 of the Dungeon.
             The game lasted 00:02:01 (1482 turns).

Aldia the Trooper (Oni Warper)                      Turns: 1482, Time: 00:02:02

Health: -3/37      AC:  3    Str: 17    XL:     3   Next: 85%
Magic:  6/6        EV:  9    Int: 14    God:
Gold:   48         SH:  0    Dex:  8    Spells: 5/7 levels left

rFire   . . .        a - +0 mace
rCold   . . .        (no shield)
rNeg    . . .        b - +0 robe
rPois   .            (helmet restricted)
rElec   .            (no cloak)
rCorr   .            (gloves unavailable)
SInv    .            (boots unavailable)
Will    .....        (no amulet)
Stlth   +            (no ring)
HPRegen 0.26/turn    (no ring)
MPRegen 0.10/turn

%: no passive effects
@: confused
A: large, unfitting armour, horns 1, tough skin 1, double potion healing,
drunken brawling
a: no special abilities


You were on level 2 of the Dungeon.
You visited 1 branch of the dungeon, and saw 2 of its levels.

You collected 48 gold pieces.

Inventory:

Hand Weapons
 a - a +0 mace (weapon)
 h - a +1 war axe of electrocution
Missiles
 d - 7 darts of dispersal (quivered)
 f - 4 large rocks
 i - 3 poisoned darts
Armour
 b - a +0 robe (worn)
Wands
 k - a wand of acid (5)
Scrolls
 c - a scroll of blinking
 g - 2 scrolls of enchant weapon {unknown}
 j - a scroll of identify {unknown}
 l - a scroll of teleportation {unknown}
 m - a scroll of noise {unknown}


   Skills:
 + Level 3.5 Fighting
 * Level 3.1 Maces & Flails
 - Level 1.0 Throwing
 - Level 2.1 Dodging
 - Level 2.5 Spellcasting
 + Level 3.1 Translocations


You had 5 spell levels left.
You knew the following spells:

 Your Spells              Type           Power      Damage    Failure   Level
a - Blink                 Tloc           20%        N/A       10%         2

Your spell library contained the following spells:

 Spells                   Type           Power      Damage    Failure   Level
 Lesser Beckoning         Tloc           20%        N/A       10%         2
 Teleport Other           Tloc           10%        N/A       19%         3
 Necrotise                Necr           4%         1d4       22%         1
 Manifold Assault         Tloc           10%        N/A       52%         4
 Vampiric Draining        Necr           1%         2d6       56%         3
 Vhi's Electric Charge    Tloc/Air       12%        N/A       75%         4
 Martyr's Knell           Necr/Summ      1%         N/A       92%         4
 Summon Forest            Summ/Tloc      3%         N/A       97%         5
 Curse of Agony           Necr           1%         N/A       99%         5
 Summon Mana Viper        Hex/Summ       1%         N/A       99%         5
 Summon Cactus Giant      Summ           0%         N/A       100%        6


Dungeon Overview and Level Annotations

Branches:
Dungeon (2/15)

Altars:

Annotations:
D:2 Sigmund


Innate Abilities, Weirdness & Mutations

You are too large for most types of armour.
You have a pair of small horns on your head.
You have tough skin. (AC +1)
You gain doubled healing and magic from potions.
Whenever you drink a healing potion, you attack all around you.


Message History

g - 2 scrolls labelled WOATAG ALOE (gained 1)
Found a stone staircase leading down.
No target in view!
You enter the shallow water.
There is a stone staircase leading down here.
Sigmund the Dreaded comes into view.
He is wielding a +0 scythe.
Sigmund shouts!
Sigmund points at you and mumbles some strange words.
You resist with some effort.
Okay, then.
Okay, then.
Sigmund barely misses you.
You closely miss Sigmund. You headbutt Sigmund.
Sigmund is lightly wounded.
Sigmund gestures at you while chanting.
You are confused.
Okay, then.
Sigmund misses you.
You bump into the rock wall.
Sigmund hits you from afar with a +0 scythe!
Sigmund hits you with a +0 scythe!
You bump into the rock wall.
Sigmund closely misses you.
You hit Sigmund.
Sigmund is moderately wounded.
You feel less confused.
Sigmund points at you and mumbles some strange words.
You are confused.
It was a potion of magic.
Magic courses through your body. Sigmund casts a spell at you.
You are more confused.
Sigmund gestures at you while chanting. The magic dart hits you!
You bump into the rock wall.
Sigmund gestures wildly while chanting.
Sigmund flickers and vanishes!
Deactivating autopickup; reactivate with Ctrl-A.
You closely miss something. Your headbutt misses something. Something hits you!
* * * LOW HITPOINT WARNING * * *
You miss something. Your headbutt misses something. Something hits you!
You die...

........# #.#.......#
........# #.#####.#####
........###.#.........#
........'...#.###.#.###
........#####.###.#.#
........# #.#...#.#
........# #.#.###.#
........# #.#.....#
######### #.##@##.# .#
########.##{#### .#
#........#### .##
#.######## .<# #.# .##
#.# P## #.# ..# #.#
♣.####.###


There were no monsters in sight!

Vanquished Creatures
  An adder (D:2)
  3 dart slugs
  2 ball pythons
  2 bats (D:2)
  7 endoplasms
  A giant cockroach (D:1)
  A goblin (D:2)
  6 hobgoblins
  A kobold (D:2)
  3 quokkas
  A frilled lizard (D:2)
  3 rats
31 creatures vanquished.

Notes
Turn   | Place    | Note
-------+----------+-------------------------------------------
     0 | D:1      | Aldia the Oni Warper began the quest for the Orb.
     0 | D:1      | Reached XP level 1. HP: 22/22 MP: 3/3
    63 | D:1      | Reached XP level 2. HP: 28/29 MP: 5/5
    81 | D:1      | Learned a level 2 spell: Blink
   384 | D:1      | Found a faded altar of an unknown god.
   632 | D:1      | Reached XP level 3. HP: 31/37 MP: 6/6
  1468 | D:2      | Noticed Sigmund
  1482 | D:2      | Slain by Sigmund

Illustrated notes

Levels and vault maps discovered:
D:1:      dpeg_arrival_long_road, layout_basic, chequers_ecumenical_altar_grove,
          kennysheep_small_spiral
D:2:      wad_lake_hut, layout_basic, serial_forest, infiniplex_forest_pool,
          infiniplex_forest_end_2, infiniplex_forest_clump_small,
          infiniplex_forest_lined_2, infiniplex_forest_clump_small,
          infiniplex_forest_clump_small, uniq_sigmund

Skill      XL: |  1  2  3 |
---------------+----------+-----
Fighting       | 3 |  3.5
Translocations | 3 |  3.1
Maces & Flails | 3 |  3.1
Throwing       | |  1.0
Dodging        | |  2.1
Spellcasting   | |  2.5

Action                     || total
---------------------------++-------
  Melee: Mace              ||   111
         Headbutt          ||    20
    Use: Potion            ||     1
 Armour: Robe              ||    86
  Dodge: Dodged            ||    58
